Map: Heavy Artillery LE

Players

qqq

  • Race: Zerg Zerg
  • Spawn Location: 7:00

Massa

  • Race: Terran Terran
  • League: Platinum
  • Spawn Location: 7:00

IIIIIIIIIIII - Winner!

  • Race: Terran Terran
  • League: Platinum
  • Spawn Location: 1:00

IIIIIIIIII - Winner!

  • Race: Protoss Protoss
  • League: Diamond
  • Spawn Location: 3:00

VOD

Have the link to the VOD?

Description

Time

  • Played on: Feb. 14, 2021, 7:22 a.m.
  • Length: 12:26
Show
View Real Time Build Order
Export as new Build Order

qqq Zerg 

Build Orders: Hatch First 

Get SALT Encoding   

  12  0:00  Drone  
  13  0:12  Drone  
  14  0:26  Overlord  
  14  0:43  Hatchery  
  14  0:57  Drone x2  
  14  0:58  Drone  
  16  1:08  Drone  
  17  1:27  Extractor, Spawning Pool  
  17  1:29  Drone  
  17  1:30  Drone  
  17  1:52  Hatchery  
  16  1:55  Drone  
  16  1:56  Drone  
  16  2:00  Drone  
  19  2:03  Drone  
  20  2:09  Drone  
  20  2:12  Drone  
  22  2:23  Queen  
  24  2:31  Queen  
  26  2:37  Overlord  
  26  2:40  Drone  
  26  2:43  Drone  
  28  2:54  Metabolic Boost  
  28  2:57  Overlord  
  28  3:00  Drone x2  
  30  3:06  Drone x2  
  32  3:19  Drone x2  
  34  3:20  Queen  
  34  3:24  Lair  
  36  3:27  Drone  
  36  3:30  Drone  
  38  3:39  Queen  
  40  3:45  Drone  
  40  3:46  Drone x2  
  40  3:48  Zergling x4  
  44  3:53  Drone  
  44  3:54  Roach Warren  
  44  3:55  Drone  
  46  3:58  Drone  
  46  3:59  Extractor, Drone  
  46  4:01  Drone  
  48  4:03  Drone  
  49  4:16  Drone, Overlord  
  50  4:17  Overlord  
  50  4:27  Overlord  
  50  4:32  Extractor  
  50  4:33  Extractor, Queen  
  50  4:34  Zergling x4  
  50  4:35  Zergling x10  
  57  5:00  Drone  
  57  5:01  Zergling x4, Roach x3  
  57  5:02  Roach x2  
  70  5:12  Queen x2  
  74  5:15  Overlord x2  
  74  5:21  Spore Crawler  
  73  5:24  Queen  
  73  5:26  Spore Crawler  
  73  5:28  Spore Crawler  
  72  5:41  Roach x4  
  72  5:42  Drone x3  
  83  6:00  Queen  
  85  6:04  Drone  
  85  6:05  Drone x4  
  85  6:06  Overlord x3  
  90  6:13  Evolution Chamber  
  90  6:15  Evolution Chamber  
  90  6:16  Ravager x2  
  90  6:18  Glial Reconstitution  
  90  6:27  Pneumatized Carapace  
  90  6:42  Ravager x4  
  95  6:47  Drone x6  
  95  6:48  Drone  
  95  6:53  Hatchery  
  100  7:01  Drone x2  
  102  7:15  Overlord x2, Roach x3  
  108  7:18  Zerg Missile Weapons Level 1  
  108  7:19  Zerg Ground Armor Level 1  
  108  7:25  Overseer  
  108  7:26  Drone x2  
  108  7:27  Drone x4  
  114  7:38  Infestation Pit, Roach x2  
  114  7:39  Roach x2  
  64  8:30  Drone x3  
  64  8:31  Drone x3  
  64  8:32  Spire  
  64  8:33  Roach x4  
  64  8:34  Roach x2  
  81  8:45  Drone x2  
  81  8:47  Roach x2  
  87  8:52  Extractor  
  87  8:53  Extractor  
  85  8:58  Drone x2  
  85  9:01  Spire  
  80  9:04  Roach x2  
  80  9:05  Roach x2  
  80  9:17  Drone x2  
  78  9:26  Drone x2  
  78  9:30  Roach  
  78  9:31  Roach x4  
  87  9:32  Queen  
  89  9:39  Hive  
  89  9:44  Queen  
  89  9:45  Mutalisk  
  90  9:46  Corruptor x3  
  90  9:47  Corruptor  
  90  9:52  Corruptor  
  99  9:57  Corruptor  
  99  9:58  Corruptor  
  79  10:11  Corruptor x2  
  79  10:13  Corruptor  
  85  10:16  Corruptor x3  
  91  10:26  Zergling x6  
  91  10:27  Zergling x2  
  95  10:33  Corruptor  
  91  10:43  Corruptor x2  
  91  10:47  Zergling x4  
  94  10:54  Corruptor  
  94  10:55  Corruptor  
  89  11:07  Corruptor x2  
  86  11:12  Zergling x4  
  86  11:13  Zergling x8  
  86  11:14  Zergling x2  
  85  11:25  Corruptor x2  
  85  11:31  Corruptor  
  83  11:33  Zergling x4  
  83  11:34  Zergling x4  
  87  11:45  Corruptor  
  79  11:47  Zergling x4  
  79  11:48  Zergling x2  
  79  11:50  Drone x2  
  79  11:51  Extractor  
  82  11:54  Extractor  
  76  12:18  Spore Crawler  
  76  12:20  Spore Crawler  
  76  12:21  Extractor, Spore Crawler x2  
  60  12:23  Extractor  
Show
View Real Time Build Order
Export as new Build Order

Massa Terran 

Build Orders: Reaper Expand, Hellion Banshee 

Get SALT Encoding   

  12  0:12  Supply Depot  
  12  0:13  SCV  
  13  0:25  SCV  
  14  0:35  Barracks  
  14  0:38  SCV  
  15  0:46  Refinery  
  15  0:50  SCV  
  16  1:03  SCV  
  17  1:15  SCV  
  18  1:27  SCV  
  18  1:30  Reaper  
  20  1:40  Command Center  
  20  1:49  Orbital Command  
  20  2:03  Barracks Reactor, Supply Depot  
  21  2:15  SCV  
  21  2:33  Factory  
  21  2:34  SCV  
  22  2:47  SCV  
  23  3:00  SCV  
  23  3:04  Orbital Command  
  23  3:07  Marine x2  
  25  3:19  Hellion  
  26  3:21  Starport  
  26  3:25  SCV, Marine x2  
  29  3:31  Refinery  
  29  3:33  Engineering Bay  
  29  3:38  SCV  
  30  3:41  Command Center  
  30  3:42  SCV  
  30  3:45  Marine  
  30  3:46  Marine  
  33  4:05  SCV x2  
  33  4:09  Supply Depot  
  35  4:15  Starport Tech Lab  
  35  4:16  Hellion x2  
  39  4:17  SCV x2  
  41  4:29  SCV x2  
  43  4:31  Terran Infantry Weapons Level 1  
  43  4:32  Barracks Tech Lab  
  43  4:35  Missile Turret  
  43  4:37  Missile Turret  
  43  4:38  Hellion x2  
  47  4:44  Cloaking Field  
  47  4:50  Banshee  
  51  4:52  SCV  
  51  4:59  Hellion x2  
  49  5:36  Banshee  
  48  6:01  Marine, Stimpack  
  48  6:03  SCV x3  
  52  6:07  Widow Mine x2  
  56  6:15  SCV x3  
  59  6:18  Barracks x2  
  59  6:19  Armory, Marine  
  59  6:20  Barracks  
  59  6:21  Barracks  
  59  6:22  Refinery  
  59  6:23  Refinery  
  60  6:26  Terran Infantry Armor Level 1  
  60  6:29  Widow Mine x2  
  64  6:36  Marine  
  65  6:46  SCV x3  
  68  6:58  SCV  
  69  7:09  SCV x2, Barracks  
  68  7:21  SCV  
  66  7:25  Marauder  
  66  7:28  Barracks Reactor, Barracks Tech Lab  
  66  7:29  Barracks Reactor, Barracks Tech Lab  
  68  7:31  Terran Vehicle Weapons Level 1  
  68  7:33  Engineering Bay  
  68  7:36  Missile Turret  
  68  7:40  Missile Turret  
  68  7:43  Sensor Tower  
  68  7:46  SCV  
  68  7:48  SCV  
  68  7:55  Marauder  
  69  8:01  Marauder  
  69  8:11  Starport  
  69  8:14  Marine  
  69  8:16  Factory Tech Lab  
  69  8:20  SCV, Marine  
  69  8:21  SCV  
  69  8:22  Marauder, Marine  
  69  8:36  Supply Depot  
  69  8:37  Supply Depot x3  
  69  8:38  Supply Depot  
  69  8:39  Supply Depot x3  
  69  8:40  SCV, Marine x6, Supply Depot  
  76  8:41  Medivac  
  76  8:42  Marauder  
  76  8:43  Cyclone, Marine  
  76  8:47  Orbital Command  
  84  8:48  SCV  
  85  8:58  SCV, Marine x5  
  85  8:59  Command Center, Medivac x2  
  85  9:01  SCV  
  85  9:02  Supply Depot x2  
  96  9:05  Supply Depot  
  96  9:09  Marauder, Marine  
  99  9:10  SCV, Marine  
  99  9:11  Medivac  
  99  9:15  Siege Tank  
  106  9:30  Marauder x2, Marine x4  
  106  9:31  Marine x2  
  116  9:34  Combat Shield  
  102  9:50  Marauder, Marine x4  
  102  9:51  Marauder  
  102  9:52  Marauder  
  91  9:56  Marine  
  81  10:07  Marine  
  81  10:08  Marine x3  
  81  10:09  Raven  
  81  10:11  Marauder  
  81  10:13  Marauder x2  
  81  10:14  Marine  
  90  10:25  Marine x3  
  90  10:26  Marine  
  91  10:32  Marauder, Marine  
  91  10:34  Marine x2  
  94  10:36  Missile Turret  
  94  10:41  Missile Turret  
  94  10:43  Marine x4  
  94  10:45  Missile Turret  
  94  10:49  Marine  
  98  10:51  Marine  
  98  10:52  SCV x3, Marine  
  98  10:53  Marine  
  105  11:01  Marine x4, Planetary Fortress  
  109  11:07  Marine  
  109  11:10  Raven  
  109  11:30  Marine  
  109  11:31  Marine x2  
  112  11:36  Marine x3  
  112  11:37  Marine x2  
  117  11:41  SCV  
  118  11:48  Marine x2  
  118  11:49  Marine  
  118  11:53  SCV  
  122  11:54  Marine x3  
  125  12:05  SCV  
Show
View Real Time Build Order
Export as new Build Order

IIIIIIIIIIII Terran - Winner!

Build Orders: Reaper Expand 

Get SALT Encoding   

  12  0:01  SCV  
  13  0:13  SCV  
  14  0:23  Supply Depot  
  14  0:25  SCV  
  15  0:39  Refinery  
  15  0:46  SCV, Barracks  
  16  0:58  SCV  
  17  1:10  SCV  
  18  1:14  Supply Depot  
  18  1:23  SCV  
  19  1:30  Refinery  
  19  1:34  Reaper  
  19  1:37  Orbital Command  
  20  2:06  Command Center  
  20  2:08  SCV  
  21  2:17  Barracks Tech Lab  
  20  2:35  SCV  
  21  2:39  Marine  
  21  2:40  Factory, Stimpack  
  21  3:03  SCV  
  22  3:09  Marine  
  23  3:27  Starport, Factory Tech Lab, Marine  
  23  3:33  SCV  
  25  3:36  Orbital Command  
  25  3:44  Marine  
  25  3:45  Barracks  
  26  3:52  Siege Tank  
  26  3:53  SCV  
  30  4:02  Marine  
  30  4:04  SCV  
  30  4:05  SCV  
  30  4:09  Starport Reactor  
  33  4:16  SCV  
  34  4:17  SCV  
  34  4:20  Marine  
  34  4:24  Engineering Bay  
  36  4:28  SCV  
  36  4:29  SCV  
  38  4:34  Barracks Reactor  
  38  4:38  Marine  
  39  4:39  Supply Depot  
  39  4:41  SCV x2  
  41  4:46  Siege Tank  
  41  4:51  Terran Infantry Weapons Level 1, Supply Depot  
  44  4:53  SCV  
  45  5:03  Missile Turret  
  45  5:05  SCV  
  46  5:07  Missile Turret  
  46  5:09  Missile Turret  
  46  5:16  SCV  
  46  5:17  SCV, Marine x2  
  46  5:18  Medivac  
  46  5:19  Medivac  
  54  5:29  SCV  
  54  5:41  SCV  
  54  5:53  SCV, Siege Tank  
  54  5:56  Combat Shield  
  58  5:57  Marine  
  58  5:58  Marine x2  
  61  6:05  SCV  
  62  6:12  Supply Depot  
  62  6:13  Supply Depot  
  62  6:15  Barracks  
  62  6:34  SCV, Marine, Siege Tank  
  67  6:45  Refinery  
  67  6:46  SCV, Marine x2  
  70  6:48  Refinery, Liberator x2  
  70  6:51  Marine  
  77  6:58  SCV  
  78  7:05  Supply Depot  
  78  7:06  Supply Depot  
  78  7:25  Barracks Reactor  
  78  7:26  Marine  
  79  7:31  Siege Tank  
  79  7:32  Marine x2  
  85  7:37  SCV  
  85  7:38  SCV  
  85  7:43  Command Center  
  86  7:44  Marine  
  86  7:49  SCV  
  83  8:02  Marine  
  83  8:12  Marine x4  
  84  8:17  Medivac  
  84  8:18  Medivac  
  90  8:20  Marine  
  91  8:30  Marine x3  
  94  8:42  Terran Infantry Armor Level 1, Supply Depot  
  94  8:43  Supply Depot  
  94  8:44  Engineering Bay, Supply Depot  
  94  8:54  SCV, Marine  
  94  9:45  Marine x5  
  85  10:03  Marine x5  
  87  10:09  Siege Tank  
  87  10:10  Medivac x2  
  94  10:20  Marine  
  95  10:21  Marine x4  
  99  10:35  Armory  
  99  10:38  Marine  
  99  10:39  Marine x4, Command Center  
  99  10:40  Medivac x2  
  99  10:41  Siege Tank  
  111  10:56  Marine  
  111  10:57  Marine x4  
  113  11:13  Siege Tank  
  113  11:45  Siege Tank  
  116  11:47  Marine x5  
  121  11:57  Supply Depot  
  121  11:58  Supply Depot x2  
  121  11:59  Supply Depot  
  121  12:01  Supply Depot  
  121  12:03  Barracks  
  121  12:04  Barracks  
  121  12:05  Barracks x2, Marine  
Show
View Real Time Build Order
Export as new Build Order

IIIIIIIIII Protoss - Winner!

Build Orders: 1 Gate Expand, Carriers 

Get SALT Encoding   

  12  0:00  Probe  
  13  0:13  Probe  
  14  0:17  Pylon  
  14  0:25  Probe  
  15  0:40  Gateway  
  15  0:45  Probe (Chrono Boost)  
  16  0:50  Assimilator  
  16  0:55  Probe (Chrono Boost)  
  17  1:00  Probe (Chrono Boost)  
  18  1:11  Probe  
  19  1:23  Probe  
  20  1:30  Nexus  
  20  1:45  Cybernetics Core  
  20  1:48  Pylon  
  20  1:55  Probe  
  20  1:57  Assimilator  
  21  2:10  Probe  
  21  2:13  Pylon  
  22  2:22  Probe  
  23  2:26  Stalker (Chrono Boost)  
  25  2:30  Warp Gate  
  25  2:34  Probe  
  26  2:46  Probe  
  27  2:53  Probe  
  28  3:09  Probe x2  
  28  3:11  Stargate  
  30  3:18  Nexus  
  30  3:21  Probe  
  30  3:22  Probe  
  34  3:34  Probe (Chrono Boost)  
  34  3:36  Probe (Chrono Boost), Stargate  
  34  3:46  Probe (Chrono Boost)  
  36  3:49  Probe (Chrono Boost)  
  36  3:50  Void Ray  
  36  3:51  Probe (Chrono Boost), Assimilator  
  37  3:55  Assimilator  
  41  4:05  Probe x2  
  43  4:16  Pylon  
  43  4:17  Probe x2  
  43  4:21  Void Ray  
  43  4:24  Pylon  
  45  4:29  Probe  
  45  4:30  Probe x2  
  52  4:39  Void Ray  
  52  4:41  Probe  
  52  4:42  Probe  
  52  4:43  Probe, Protoss Air Weapons Level 1  
  59  4:52  Pylon  
  59  4:54  Probe x2  
  59  4:55  Probe  
  62  5:06  Probe x2  
  64  5:16  Probe  
  64  5:18  Probe x2  
  67  5:21  Forge  
  67  5:24  Fleet Beacon  
  67  5:28  Probe, Shield Battery  
  67  5:31  Probe  
  67  5:32  Probe  
  67  5:33  Shield Battery  
  70  5:42  Void Ray x2  
  77  5:58  Probe x3  
  77  6:01  Pylon  
  77  6:03  Pylon  
  80  6:05  Shield Battery  
  80  6:09  Stargate  
  80  6:14  Probe x2  
  80  6:16  Assimilator  
  82  6:22  Shield Battery  
  82  6:23  Photon Cannon  
  82  6:28  Photon Cannon  
  82  6:29  Photon Cannon  
  82  6:30  Probe, Shield Battery  
  82  6:32  Void Ray x2  
  91  6:55  Void Ray  
  91  6:56  Assimilator  
  89  7:25  Photon Cannon  
  89  7:26  Probe  
  89  7:27  Probe x2, Photon Cannon, Pylon  
  92  7:37  Pylon  
  92  7:38  Probe, Robotics Facility  
  92  7:39  Probe x2  
  92  7:43  Flux Vanes  
  95  7:44  Carrier x2  
  95  7:45  Carrier  
  95  7:51  Probe  
  106  8:30  Observer  
  107  8:36  Stargate  
  108  8:41  Probe x3  
  110  8:48  Carrier  
  110  8:49  Carrier  
  110  8:51  Observer  
  110  8:53  Probe  
  124  9:13  Observer  
  125  9:17  Pylon, Nexus  
  125  9:19  Pylon  
  125  9:21  Pylon  
  125  9:30  Assimilator  
  125  9:32  Assimilator  
  125  9:35  Pylon  
  125  9:36  Carrier  
  125  9:37  Carrier  
  133  10:06  Observer  
  133  10:08  Carrier x2  
  145  10:23  Observer  
  145  10:24  Probe x3  
  149  10:35  Probe  
  150  10:36  Probe x3  
  150  10:37  Photon Cannon  
  150  10:38  Shield Battery  
  150  10:42  Photon Cannon  
  149  10:44  Photon Cannon  
  149  10:46  Photon Cannon  
  149  10:47  Probe  
  149  10:48  Probe, Photon Cannon  
  143  10:50  Shield Battery  
  143  10:51  Twilight Council  
  143  10:52  Shield Battery  
  143  10:54  Shield Battery  
  139  10:57  Gateway  
  139  10:59  Gateway  
  135  11:07  Void Ray x3  
  135  11:08  Void Ray  
  151  11:34  Zealot  
Tags
 
Add a new tag
Caveats
  • Supply blocks, unpowered buildings, or Contaminate may cause inaccurate times.
  • Supply counts are checked every 10 seconds.